Map: Ascension to Aiur LE

Players

ReiGn

  • Race: Protoss Protoss
  • Spawn Location: 5:00

Lillekanin - Winner!

  • Race: Terran Terran
  • Spawn Location: 11:00

Event: WCS Jonkoping 2017

VOD

Have the link to the VOD?

Description

Time

  • Played on: June 17, 2017, 6:25 a.m.
  • Length: 7:20

All games in this series

Show
View Real Time Build Order
Export as new Build Order

ReiGn Protoss 

Build Orders: 1 Gate Expand 

Get SALT Encoding   

  12  0:01  Probe (Chrono Boost)  
  13  0:11  Probe (Chrono Boost)  
  14  0:18  Pylon  
  14  0:22  Probe (Chrono Boost)  
  15  0:36  Probe (Chrono Boost)  
  15  0:37  Gateway  
  15  0:42  Assimilator  
  16  0:47  Probe (Chrono Boost)  
  17  0:58  Probe (Chrono Boost)  
  18  1:08  Probe (Chrono Boost)  
  19  1:19  Probe (Chrono Boost)  
  19  1:24  Nexus  
  20  1:32  Cybernetics Core  
  20  1:37  Probe (Chrono Boost)  
  21  1:45  Assimilator  
  21  1:49  Pylon  
  21  1:51  Probe (Chrono Boost)  
  22  2:02  Probe (Chrono Boost)  
  23  2:12  Adept (Chrono Boost)  
  23  2:13  Probe, Warp Gate (Chrono Boost)  
  26  2:23  Robotics Facility  
  26  2:26  Probe  
  27  2:37  Adept (Chrono Boost)  
  27  2:38  Probe  
  30  2:47  Probe  
  30  2:50  Probe  
  31  2:58  Probe  
  31  3:01  Gateway  
  31  3:05  Gateway  
  32  3:06  Probe  
  32  3:08  Probe  
  34  3:18  Warp Prism (Chrono Boost)  
  34  3:19  Probe x2  
  38  3:31  Mothership Core  
  38  3:32  Probe  
  38  3:33  Pylon  
  41  3:44  Probe  
  42  3:52  Probe  
  43  3:56  Probe  
  40  4:04  Observer, Probe  
  40  4:09  Probe  
  43  4:16  Probe, Stalker x3  
  50  4:21  Probe  
  50  4:23  Observer  
  51  4:28  Probe  
  53  4:33  Probe  
  54  4:41  Probe  
  54  4:43  Stalker  
  54  4:45  Probe  
  52  4:53  Probe  
  52  4:57  Probe  
  54  5:08  Pylon  
  54  5:11  Probe x2  
  50  5:14  Observer  
  50  5:15  Twilight Council  
  50  5:20  Forge  
  51  5:21  Stalker  
  51  5:23  Probe (Chrono Boost)  
  51  5:24  Pylon  
  51  5:25  Assimilator  
  51  5:26  Forge  
  51  5:28  Probe (Chrono Boost)  
  55  5:29  Assimilator  
  55  5:34  Probe (Chrono Boost)  
  56  5:37  Stalker x2  
  56  5:40  Probe (Chrono Boost)  
  58  5:45  Probe (Chrono Boost)  
  59  5:52  Probe (Chrono Boost)  
  59  5:56  Probe (Chrono Boost)  
  61  5:58  Stalker  
  61  6:00  Stalker x2  
  68  6:04  Probe (Chrono Boost)  
  68  6:06  Probe (Chrono Boost)  
  69  6:11  Pylon  
  69  6:16  Probe (Chrono Boost)  
  67  6:22  Probe (Chrono Boost)  
  68  6:28  Probe (Chrono Boost)  
  68  6:32  Probe (Chrono Boost)  
  70  6:33  Adept x3  
  70  6:39  Probe  
  77  6:44  Probe  
  78  6:56  Probe  
  78  7:03  Probe  
  78  7:06  Pylon  
  78  7:07  Pylon  
  78  7:08  Probe  
  78  7:15  Stalker  
Show
View Real Time Build Order
Export as new Build Order

Lillekanin Terran - Winner!

Build Orders: Mech 

Get SALT Encoding   

  12  0:00  SCV  
  13  0:12  SCV  
  14  0:17  Supply Depot  
  14  0:25  SCV  
  15  0:29  Refinery  
  15  0:39  SCV  
  16  0:46  Barracks  
  16  0:51  SCV  
  17  1:03  SCV  
  18  1:15  SCV  
  20  1:33  Reaper  
  20  1:34  Orbital Command  
  20  1:48  Command Center  
  20  1:59  Factory  
  20  2:02  SCV  
  21  2:10  Barracks Reactor  
  21  2:15  SCV  
  22  2:17  Supply Depot  
  22  2:23  Refinery  
  22  2:27  SCV  
  23  2:39  SCV  
  24  2:47  Starport  
  24  2:51  SCV  
  25  2:57  Hellion x2  
  29  3:03  SCV  
  31  3:14  Orbital Command  
  31  3:17  Widow Mine x2  
  31  3:19  SCV  
  35  3:24  Medivac  
  37  3:31  SCV  
  37  3:32  Supply Depot  
  38  3:40  SCV  
  39  3:44  SCV  
  39  3:47  Cyclone  
  43  3:50  Cyclone  
  43  3:54  SCV  
  47  3:56  SCV  
  46  4:04  Starport Tech Lab  
  46  4:06  SCV  
  46  4:08  SCV  
  48  4:16  Refinery  
  46  4:18  SCV  
  46  4:20  SCV  
  46  4:21  Factory  
  46  4:22  Barracks Tech Lab  
  46  4:23  Supply Depot  
  48  4:27  Widow Mine x2  
  48  4:30  SCV  
  53  4:32  SCV  
  54  4:43  SCV  
  54  4:45  SCV  
  55  4:55  SCV  
  55  4:56  Widow Mine  
  55  4:57  SCV  
  59  5:02  Banshee  
  59  5:05  Refinery, Supply Depot  
  61  5:07  SCV  
  61  5:09  SCV  
  61  5:12  Supply Depot  
  62  5:16  Cyclone  
  62  5:17  Engineering Bay  
  62  5:19  SCV  
  66  5:21  SCV  
  66  5:25  Siege Tank  
  70  5:31  SCV  
  70  5:33  SCV  
  72  5:43  SCV  
  72  5:45  SCV  
  72  5:49  Cyclone  
  75  5:55  Marine, SCV  
  75  5:57  Siege Tank  
  75  5:58  SCV, Factory  
  75  6:04  Missile Turret x2  
  79  6:07  SCV  
  79  6:09  Banshee  
  79  6:10  SCV  
  79  6:11  Missile Turret  
  82  6:13  Marine  
  83  6:19  SCV, Supply Depot  
  83  6:22  SCV  
  83  6:25  Supply Depot  
  85  6:31  SCV  
  86  6:39  Missile Turret  
  86  6:41  SCV, Cyclone  
  86  6:43  SCV  
  86  6:44  Command Center  
  91  6:49  Barracks Reactor, Factory Tech Lab  
  91  6:50  Factory  
  91  6:53  SCV  
  92  6:56  SCV  
  96  7:05  SCV  
  96  7:08  SCV  
  101  7:18  Supply Depot  
  102  7:20  Supply Depot  
Tags
 
Add a new tag
Caveats
  • Supply blocks, unpowered buildings, or Contaminate may cause inaccurate times.
  • Supply counts are checked every 10 seconds.